 Dungeon Crawl Stone Soup version 0.29.1-2-gbd0b4ee654 (webtiles) character file.

Game seed: 8666202418089735537

5714 Sabo the Ducker (level 10, -6/98 HPs)
             Began as a Troll Berserker on Nov 1, 2022.
             Was an Elder of Trog.
             Mangled by a death yak (21 damage)
             ... on level 8 of the Dungeon.
             The game lasted 00:49:23 (8963 turns).

Sabo the Ducker (Troll Berserker)                   Turns: 8963, Time: 00:49:24

Health: -6/98      AC: 19    Str: 29    XL:     10   Next: 48%
Magic:  9/9        EV: 12    Int:  3    God:    Trog [****..]
Gold:   329        SH:  0    Dex: 15    Spells: 9/9 levels left

rFire   + . .      SeeInvis .   A - +2 spear (freeze)
rCold   . . .      Faith    .   (no shield)
rNeg    . . .      Spirit   .   H - +2 swamp dragon scales
rPois   +          Reflect  .   b - +1 hat of Pentat {-Cast +Blink rCorr Dex+4}
rElec   .          Harm     .   w - +2 cloak
rCorr   +          Rampage  .   (gloves unavailable)
Will    .....      NoCast   +   (boots unavailable)
Stlth   +.........              E - amulet of regeneration
HPRegen 1.86/turn               o - +4 ring of protection
MPRegen 0.11/turn               F - ring of protection from fire

@: no status effects
A: large, unfitting armour, claws 3, regeneration 1, shaggy fur 1, tough skin 1
a: Renounce Religion, Evoke Blink, Berserk, Trog's Hand, Brothers in Arms


You were on level 8 of the Dungeon.
You worshipped Trog.
Trog was greatly pleased with you.
You visited 1 branch of the dungeon, and saw 8 of its levels.

You collected 527 gold pieces.
You spent 198 gold pieces at shops.

Inventory:

Hand Weapons
 a - a +0 hand axe
 g - a +0 shortbow
 s - a +0 giant club
 A - a +2 spear of freezing (weapon)
 G - a +0 glaive
Missiles
 d - 6 curare-tipped darts (quivered)
 p - 2 poisoned darts
 y - a boomerang
Armour
 b - the +1 hat of Pentat (worn) {-Cast +Blink rCorr Dex+4}
   (You bought it in a shop on level 1 of the Dungeon)

   Dex:       It affects your dexterity (+4).
   +Blink:    It lets you blink.
   -Cast:     It prevents spellcasting.
   rCorr:     It protects you from acid and corrosion.
 w - a +2 cloak (worn)
 D - an orb of mayhem
 H - +2 swamp dragon scales (worn)
Jewellery
 o - a +4 ring of protection (left claw)
 E - an amulet of regeneration (around neck)
 F - a ring of protection from fire (right claw)
Wands
 x - a wand of flame (23)
 B - a wand of roots (5)
Scrolls
 f - 2 scrolls of magic mapping
 j - 3 scrolls of butterflies
 k - 2 scrolls of teleportation
 v - a scroll of blinking
 C - a scroll of brand weapon
Potions
 c - 2 potions of attraction {unknown}
 e - a potion of cancellation {unknown}
 h - a potion of invisibility
 l - 5 potions of flight
 m - 3 potions of curing
 n - 2 potions of might {unknown}
 q - a potion of lignification {unknown}
 r - 2 potions of heal wounds {unknown}
 t - a potion of resistance {unknown}
 u - 2 potions of magic {unknown}
 z - a potion of haste {unknown}


   Skills:
 + Level 5.9 Fighting
 + Level 6.3(7.5) Axes
 + Level 6.1(7.3) Polearms
 + Level 0.5 Throwing
 + Level 2.1 Armour
 + Level 7.5 Dodging
 + Level 2.2 Stealth
 + Level 2.3 Unarmed Combat


You had 9 spell levels left.
You didn't know any spells.
Your spell library was empty.

Dungeon Overview and Level Annotations

Branches:
Dungeon (8/15)             Temple (0/1) D:6
   Lair: D:8-11

Altars:
Trog
Zin

Shops:
D:1 ::[[   D:4 *


Innate Abilities, Weirdness & Mutations

You are too large for most types of armour.
You have claws for hands.
Your natural rate of healing is unusually fast.
You are covered in fur. (AC +1)
You have tough skin. (AC +1)


Message History

You hit the death yak but do no damage.
The death yak is lightly wounded.
The death yak gores you but does no damage.
You hit the death yak but do no damage.
The death yak is lightly wounded.
The death yak gores you but does no damage.
You barely miss the death yak.
The death yak is lightly wounded.
The death yak gores you.
You hit the death yak but do no damage.
The death yak is lightly wounded.
You hit the death yak. You freeze the death yak.
The death yak is lightly wounded.
The death yak gores you!
You hit the death yak. You freeze the death yak.
The death yak is lightly wounded.
The death yak gores you but does no damage.
You puncture the death yak! You freeze the death yak.
The death yak is moderately wounded.
You hit the death yak but do no damage.
The death yak is moderately wounded.
The death yak gores you but does no damage.
You hit the death yak but do no damage.
The death yak is moderately wounded.
The death yak gores you!
You hit the death yak but do no damage.
The death yak is moderately wounded.
The death yak gores you!!
* * * LOW HITPOINT WARNING * * *
You hit the death yak but do no damage.
The death yak is moderately wounded.
You feel better. The death yak gores you!
* * * LOW HITPOINT WARNING * * *
You hit the death yak. You freeze the death yak.
The death yak is moderately wounded.
The death yak gores you but does no damage.
You hit the death yak. You freeze the death yak.
The death yak is moderately wounded.
The death yak gores you!!
You die...

.........###.....#...#
####......##.....'...#
# ###.....#.....'...#
##....#....hhh..#
#....##..h.Yhh..#
##....##.....#...#
#...#.##....h#hh.#
##..##..#######lYl#
####..##........@Yhh##
##....#...###########
..††.....## ........##
##.....## ###..## ####


You could see a death yak, 2 polar bears, a yak, 2 wyverns and a hound.

Vanquished Creatures
  A manticore (D:8)
  Maurice (D:8)
  Psyche (D:8)
  Maggie (D:8)
  Prince Ribbit (D:8)
  A dream sheep (D:8)
  3 wyverns (D:8)
  Grum (D:8)
  A steam dragon (D:5)
  Duvessa (D:7)
  A water moccasin (D:8)
  4 sky beasts
  An orc warrior (D:7)
  A black bear (D:4)
  3 ice beasts
  2 ogres
  4 wolves (D:8)
  2 centaurs (D:8)
  4 bullfrogs
  A gnoll sergeant (D:5)
  A scorpion (D:6)
  Dowan (D:7)
  A wight (D:6)
  11 killer bees
  2 howler monkeys
  2 jellies
  3 hounds
  An orc priest (D:6)
  4 iguanas
  3 orc wizards
  4 gnolls (D:5)
  10 adders
  2 white imps (D:7)
  3 worms
  6 dart slugs
  10 orcs
  5 endoplasms
  2 giant cockroaches (D:1)
  10 goblins
  14 hobgoblins
  7 kobolds
  5 quokkas
  5 ball pythons
  8 bats
  2 frilled lizards (D:1)
  5 rats
162 creatures vanquished.

Vanquished Creatures (others)
  A steam dragon (D:8)
  5 plants (D:6)
6 creatures vanquished.

Grand Total: 168 creatures vanquished

Notes
Turn   | Place    | Note
-------+----------+-------------------------------------------
     0 | D:1      | Sabo the Troll Berserker began the quest for the Orb.
     0 | D:1      | Reached XP level 1. HP: 22/22 MP: 0/0
   140 | D:1      | Found Bony's Book Shop.
   188 | D:1      | Found Ralooh's Book Emporium.
   363 | D:1      | Found Bomoix's Antique Armour Boutique.
   368 | D:1      | Reached XP level 2. HP: 28/29 MP: 1/1
   794 | D:1      | Found Efuemp's Antique Armour Shoppe.
  1469 | D:2      | Reached ** piety under Trog
  1470 | D:2      | Reached XP level 3. HP: 34/36 MP: 2/2
  1484 | D:2      | Found a faded altar of an unknown god.
  2679 | D:3      | You fall into a shaft and drop 1 floor!
  2681 | D:4      | Noticed a black bear
  2708 | D:3      | Found a glowing silver altar of Zin.
  2816 | D:3      | Reached XP level 4. HP: 42/44 MP: 3/3
  2885 | D:3      | Reached skill level 3 in Dodging
  3346 | D:3      | Reached *** piety under Trog
  3600 | D:4      | Reached XP level 5. HP: 49/53 MP: 4/4
  3690 | D:4      | Found a bloodstained altar of Trog.
  3790 | D:4      | Killed a black bear
  3791 | D:4      | Reached XP level 6. HP: 49/61 MP: 5/5
  3966 | D:4      | Found Qugiag's General Store.
  4148 | D:5      | Entered Level 5 of the Dungeon
  4821 | D:1      | Bought a faintly humming hat for 198 gold pieces
  4821 | D:1      | Identified the +1 hat of Pentat {-Cast +Blink rCorr Dex+4}
                  | (You bought it in a shop on level 1 of the Dungeon)
  4990 | D:5      | Noticed an ice beast
  5008 | D:5      | Killed an ice beast
  5009 | D:5      | Reached skill level 5 in Axes
  5009 | D:5      | Reached skill level 4 in Dodging
  5009 | D:5      | Reached XP level 7. HP: 53/67 MP: 6/6
  5159 | D:5      | Noticed a steam dragon
  5177 | D:5      | Killed a steam dragon
  5491 | D:6      | Found a staircase to the Ecumenical Temple.
  5516 | D:6      | Reached skill level 1 in Stealth
  5740 | D:6      | Reached XP level 8. HP: 71/78 MP: 7/7
  5878 | D:6      | Reached skill level 1 in Polearms
  6376 | D:7      | Reached skill level 5 in Dodging
  6721 | D:7      | Noticed Duvessa
  6722 | D:7      | Noticed Dowan
  6982 | D:7      | Reached XP level 9. HP: 80/87 MP: 8/8
  7086 | D:7      | Reached skill level 5 in Fighting
  7530 | D:7      | Killed Duvessa
  7533 | D:7      | Killed Dowan
  7753 | D:8      | Noticed Prince Ribbit
  7758 | D:8      | Noticed Psyche
  7802 | D:8      | Killed Psyche
  7803 | D:8      | Reached skill level 6 in Dodging
  7805 | D:8      | Reached skill level 1 in Unarmed Combat
  7809 | D:8      | Killed Prince Ribbit
  8173 | D:8      | Reached skill level 5 in Polearms
  8264 | D:8      | Noticed Maurice
  8264 | D:8      | Noticed Grum
  8265 | D:8      | Found a huge runed translucent gate.
  8265 | D:8      | Found a huge runed translucent gate.
  8265 | D:8      | Found a huge runed translucent gate.
  8265 | D:8      | Found a huge runed translucent gate.
  8265 | D:8      | Noticed a polar bear
  8374 | D:8      | Noticed Maggie
  8396 | D:8      | Killed Maggie
  8437 | D:8      | Reached skill level 7 in Dodging
  8437 | D:8      | Reached XP level 10. HP: 96/96 MP: 9/9
  8716 | D:8      | Reached **** piety under Trog
  8730 | D:8      | Killed Grum
  8781 | D:8      | Killed Maurice
  8782 | D:8      | Reached skill level 1 in Armour
  8872 | D:8      | Noticed a death yak
  8873 | D:8      | Noticed a manticore
  8931 | D:8      | Killed a manticore
  8963 | D:8      | Mangled by a death yak

Illustrated notes

Levels and vault maps discovered:
D:1:      eino_arrival_cavern_e, layout_basic, serial_shops,
          nicolae_shop_advertising_works [nicolae_subvault_shop_adworks], shop,
          shop, shop, serial_co_window_serial, co_window_paths_a,
          co_window_paths_a, co_window_paths_a, co_window_cross_1,
          co_window_paths_a, co_window_paths_a, co_window_paths_a,
          co_window_corner_cb, co_window_broadway_c, co_window_2corner,
          co_window_corner_b, co_window_paths_d, glass_columns_b,
          glass_columns_b
D:2:      cheibrodos_greedy_goblins, layout_basic,
          dilly_ecumenical_altar_fadedgnrine
D:3:      layout_basic, mainiacjoe_overflow_paths, minmay_pentangle
D:4:      layout_basic, mainiacjoe_overflow_alcove_4, serial_shops, shop,
          minmay_misc_feat_chi, minmay_hedge_maze
D:5:      layout_rooms
D:6:      layout_rooms, minmay_temple_entry_gardened_gates, st_stairs_1
D:7:      layout_basic, mainiacjoe_overflow_catwalk, minmay_circle_x,
          uniq_duvessa
D:8:      lemuel_bear_cage, layout_layer_cave, uniq_maurice, uniq_grum,
          uniq_prince_ribbit1, uniq_maggie, uniq_psyche

Skill      XL: |  1  2  3  4  5  6  7  8  9 10 |
---------------+-------------------------------+-----
Axes           | 3 4 5 6 |  6.3
Dodging        | 3 4 5 7 |  7.5
Fighting       | 3 4 5 |  5.9
Stealth        | 1 2 |  2.2
Polearms       | 3 5 6 |  6.1
Unarmed Combat | 2 |  2.3
Armour         | 2 |  2.1
Throwing       | |  0.5

Action                   |  1- 3 |  4- 6 |  7- 9 | 10-12 || total
-------------------------+-------+-------+-------+-------++-------
Melee: Hand axe          |   141 |   175 |    62 |       ||   378
       Punch             |       |     3 |     4 |     4 ||    11
       Spear             |       |       |   341 |   135 ||   476
       Unarmed           |       |       |    36 |       ||    36
Throw: Dart              |       |       |     3 |       ||     3
Invok: Berserk           |       |     1 |     3 |     1 ||     5
  Use: Scroll            |     4 |     3 |     4 |     1 ||    12
       Potion            |       |       |     2 |     3 ||     5
 Stab: Invisible         |       |       |     6 |       ||     6
Armor: Animal skin       |    66 |    73 |       |       ||   139
       Steam dragon scal |       |     8 |   249 |       ||   257
       Swamp dragon scal |       |       |     9 |    68 ||    77
       Skin              |       |       |     5 |       ||     5
Dodge: Dodged            |    75 |   113 |   374 |    67 ||   629
